 Dungeon Crawl Stone Soup version 0.29.0-4-gdea44cf6ec (webtiles) character file.

Game seed: 12569109572099456331

363 qw the Chopper (level 6, -2/35 HPs)
             Began as a Tengu Warper on Aug 29, 2022.
             Killed from afar by an orc wizard (9 damage)
             ... with a puff of flame
             ... on level 4 of the Dungeon.
             The game lasted 00:00:59 (3507 turns).

qw the Chopper (Tengu Warper)                       Turns: 3507, Time: 00:01:00

Health: -2/35      AC: 12    Str: 13    XL:     6   Next: 67%
Magic:  10/10      EV:  5    Int: 13    God:
Gold:   163        SH:  0    Dex: 14    Spells: 9/9 levels left

rFire   . . .      SeeInvis .   Y - +0 hand axe
rCold   . . .      Faith    .   (no shield)
rNeg    . . .      Spirit   .   e - +0 plate armour
rPois   +          Reflect  .   (helmet restricted)
rElec   .          Harm     .   (no cloak)
rCorr   .          Rampage  .   k - +0 pair of gloves
Will    .....                   (boots unavailable)
Stlth   ..........              (no amulet)
HPRegen 0.11/turn               a - ring of poison resistance
MPRegen 0.12/turn               (no ring)

@: lethally poisoned (-2 -> -4), flying quickly and evasively, quick
A: beak, talons 3, nimble flight
a: no special abilities


You were on level 4 of the Dungeon.
You visited 1 branch of the dungeon, and saw 4 of its levels.

You collected 163 gold pieces.


Innate Abilities, Weirdness & Mutations

You have a beak for a mouth.
You have claws for feet.
Your magical nature lets you fly swiftly and evasively.


   Skills:
 - Level 2.0 Fighting
 + Level 6.9 Axes
 - Level 1.0 Throwing
 - Level 3.0 Armour
 - Level 2.1 Dodging
 - Level 2.0 Spellcasting
 - Level 2.4 Translocations


You had 9 spell levels left.
You didn't know any spells.
Your spell library contained the following spells:

 Spells                   Type           Power      Damage    Failure   Level
 Blink                    Tloc           14%        N/A       100%        2
 Gell's Gravitas          Tloc           7%         N/A       100%        3
 Lesser Beckoning         Tloc           7%         N/A       100%        3
 Teleport Other           Tloc           7%         N/A       100%        3
 Manifold Assault         Tloc           7%         N/A       100%        5

Inventory:

Hand Weapons
 d - a +0 flail
 Y - a +0 hand axe (weapon)
Missiles
 b - 3 boomerangs (quivered)
Armour
 e - a +0 plate armour (worn)
 k - a +0 pair of gloves (worn)
Jewellery
 a - a ring of poison resistance (left hand)
Scrolls
 c - a scroll of identify
Potions
 f - 2 potions of heal wounds
 g - a potion of attraction {unknown}
 i - 2 potions of cancellation
 m - 2 potions of flight {unknown}
 n - a potion of haste {unknown}

Dungeon Overview and Level Annotations

Branches:
Dungeon (4/15)
 Temple: D:4-7

Altars:


Message History

Something hits you.
You hit the orc wizard. You claw the orc wizard.
The orc wizard is almost dead.
You hit something. Something hits you but does no damage.
The orc wizard gestures at you while chanting.
The puff of flame hits you.
You closely miss the orc wizard. You claw the orc wizard.
The orc wizard is almost dead.
You barely miss something.
The orc wizard hits you with a +1 dagger of venom.
You are poisoned.
Something hits you but does no damage.
You feel very sick.
You hear some strange, mumbled words.
Something tries to affect you, but you resist.
You hit the orc wizard.
You kill the orc wizard!
You completely miss something.
You feel sick. Something hits you.
Your Armour skill increases to level 3!
You're too confused to attack without stumbling around!
There is a strange disturbance nearby!
You feel sick. Something hits you but does no damage.
You're too confused to attack without stumbling around!
There is a strange disturbance nearby!
You feel sick. Something hits you but does no damage.
You're too confused to attack without stumbling around!
There is a strange disturbance nearby!
You feel sick. Something hits you.
You're too confused to attack without stumbling around!
There is a strange disturbance nearby!
You feel less confused.
You feel sick. Something hits you.
You miss something.
You feel sick.
You hear some strange, mumbled words.
A puff of flame appears from out of thin air!
The puff of flame hits you!
You die...

h..##...##..#
##...#.....#..#
#########... #....!#..#
#>.....#.)# #.....#.).
#.####.#.##.###'[..##..#
#.).#...'.###(#...#
###.##.###'##..##.#
#####..#####..##.##.#
#..)@.....#....#.##.#
.......{#####.'....#.....
......#.# #.##..##..###
.######.# #..####...# #
#.# ##...?....### #.#
######.#... #.# #........
#.# #.##.###. # #.# #.


There were no monsters in sight!

Vanquished Creatures
  A kobold brigand (D:4)
  A necrophage (D:4)
  A hound (D:4)
  An iguana (D:4)
  An orc wizard (D:4)
  4 gnolls (D:4)
  3 adders (D:4)
  A white imp (D:4)
  A dart slug (D:3)
  13 orcs
  8 endoplasms
  A giant cockroach (D:4)
  5 goblins
  4 hobgoblins
  3 jackals (D:2)
  3 quokkas
  4 ball pythons
  4 bats
  7 frilled lizards
  4 kobolds
  6 rats
76 creatures vanquished.

Notes
Turn   | Place    | Note
-------+----------+-------------------------------------------
     0 | D:1      | qw the Tengu Warper began the quest for the Orb.
     0 | D:1      | Reached XP level 1. HP: 12/12 MP: 4/4
     0 | D:1      | 0 ||| qw: Version: 0.1-a-89-g26bdef1
     0 | D:1      | 0 ||| qw: Game counter: 3466
     0 | D:1      | 0 ||| qw: Always use a shield: true
     0 | D:1      | 0 ||| qw: God list: Okawaru
     0 | D:1      | 0 ||| qw: Allow faded altars: false
     0 | D:1      | 0 ||| qw: Do Orc after D:15 true
     0 | D:1      | 0 ||| qw: Do second Lair branch before Depths: true
     0 | D:1      | 0 ||| qw: Lair rune preference: random
     0 | D:1      | 0 ||| qw: Plans: Normal
     0 | D:1      | 0 ||| PLANNING D:1-11
    34 | D:1      | 34 ||| Stepping ~*~*~tactically~*~*~ (stealth).
    35 | D:1      | 35 ||| Stepping ~*~*~tactically~*~*~ (stealth).
    38 | D:1      | 38 ||| Stepping ~*~*~tactically~*~*~ (stealth).
    40 | D:1      | 40 ||| Stepping ~*~*~tactically~*~*~ (stealth).
   146 | D:1      | Reached XP level 2. HP: 17/17 MP: 6/6
   169 | D:1      | Reached skill level 3 in Axes
   300 | D:1      | 300 ||| UPGRADING to +0 pair of gloves.
   545 | D:1      | Found a faded altar of an unknown god.
   661 | D:1      | 661 ||| READING scroll labelled RALLOYXAOQ.
   662 | D:1      | 662 ||| READING scroll labelled UWNUF WILE.
   663 | D:1      | 663 ||| READING scroll labelled HIJYOFANIL.
   664 | D:1      | 664 ||| READING scroll labelled ITWILY FAOZADICH.
   765 | D:1      | 765 ||| READING scroll labelled PONKOUGHIE.
   766 | D:1      | 766 ||| DRINKING 2 silvery potions.
   798 | D:1      | 798 ||| DROPPING scroll of blinking.
   799 | D:1      | 799 ||| DROPPING potion of lignification.
   852 | D:2      | 852 ||| FLEEEEING.
   853 | D:2      | 853 ||| FLEEEEING.
  1117 | D:2      | 1117 ||| Stepping ~*~*~tactically~*~*~ (stealth).
  1122 | D:2      | Reached XP level 3. HP: 21/21 MP: 7/7
  1889 | D:2      | 1889 ||| UPGRADING to ring of poison resistance.
  1890 | D:2      | 1890 ||| READING scroll labelled TILOC BYSEIHUQECK.
  1891 | D:2      | 1891 ||| DRINKING 2 murky green potions.
  1892 | D:2      | 1892 ||| READING 4 scrolls of identify.
  1892 | D:2      | 1892 ||| IDENTIFYING inky potion
  1893 | D:2      | 1893 ||| READING 3 scrolls of identify.
  1893 | D:2      | 1893 ||| IDENTIFYING murky white potion
  1894 | D:2      | 1894 ||| READING 2 scrolls of identify.
  1894 | D:2      | 1894 ||| IDENTIFYING grey potion
  1895 | D:2      | 1895 ||| DROPPING potion of magic.
  1896 | D:2      | 1896 ||| DROPPING potion of brilliance.
  1954 | D:3      | Reached skill level 4 in Axes
  2119 | D:3      | 2119 ||| Stepping ~*~*~tactically~*~*~ (stealth).
  2120 | D:3      | 2120 ||| Stepping ~*~*~tactically~*~*~ (stealth).
  2121 | D:3      | 2121 ||| Stepping ~*~*~tactically~*~*~ (stealth).
  2216 | D:3      | 2216 ||| Stepping ~*~*~tactically~*~*~ (stealth).
  2626 | D:3      | 2626 ||| Stepping ~*~*~tactically~*~*~ (hiding).
  2628 | D:3      | 2628 ||| Stepping ~*~*~tactically~*~*~ (hiding).
  2800 | D:3      | Reached XP level 4. HP: 26/26 MP: 8/8
  2905 | D:3      | 2905 ||| UPGRADING to +0 chain mail.
  2915 | D:3      | 2915 ||| DROPPING +0 leather armour.
  2916 | D:3      | 2916 ||| READING scroll labelled DEUHOL DOTOOR.
  2917 | D:3      | 2917 ||| READING scroll labelled GIEROE YKLIPP.
  2930 | D:4      | 2930 ||| PLANNING SEWER
  2992 | D:4      | 2992 ||| Stepping ~*~*~tactically~*~*~ (stealth).
  2993 | D:4      | Noticed a necrophage
  2997 | D:4      | 2997 ||| Stepping ~*~*~tactically~*~*~ (stealth).
  3005 | D:4      | Killed a necrophage
  3006 | D:4      | Reached skill level 5 in Axes
  3006 | D:4      | Gained mutation: Your magical nature lets you fly swiftly
                  | and evasively. [Tengu growth]
  3006 | D:4      | Reached XP level 5. HP: 25/30 MP: 9/9
  3152 | D:4      | 3152 ||| DROPPING +0 mace.
  3210 | D:4      | Noticed a kobold brigand
  3211 | D:4      | 3211 ||| Stepping ~*~*~tactically~*~*~ (stealth).
  3225 | D:4      | Killed a kobold brigand
  3226 | D:4      | Reached skill level 6 in Axes
  3226 | D:4      | Reached XP level 6. HP: 30/35 MP: 10/10
  3251 | D:4      | 3251 ||| Stepping ~*~*~tactically~*~*~ (stealth).
  3260 | D:4      | HP: 5/35 [white imp/puff of frost (10)]
  3261 | D:4      | 3261 ||| DRINKING 3 potions of heal wounds.
  3265 | D:4      | 3265 ||| FLEEEEING.
  3266 | D:4      | 3266 ||| FLEEEEING.
  3267 | D:4      | 3267 ||| FLEEEEING.
  3270 | D:4      | 3270 ||| FLEEEEING.
  3271 | D:4      | 3271 ||| FLEEEEING.
  3272 | D:4      | 3272 ||| FLEEEEING.
  3273 | D:4      | 3273 ||| FLEEEEING.
  3274 | D:4      | 3274 ||| FLEEEEING.
  3276 | D:4      | 3276 ||| FLEEEEING.
  3277 | D:4      | 3277 ||| STAIRDANCE
  3353 | D:3      | 3353 ||| UPGRADING to +0 plate armour.
  3363 | D:3      | 3363 ||| DROPPING +0 chain mail.
  3390 | D:4      | 3390 ||| FLEEEEING.
  3391 | D:4      | 3391 ||| FLEEEEING.
  3392 | D:4      | 3392 ||| FLEEEEING.
  3393 | D:4      | 3393 ||| FLEEEEING.
  3396 | D:4      | 3396 ||| STAIRDANCE
  3472 | D:4      | 3472 ||| Stepping ~*~*~tactically~*~*~ (stealth).
  3479 | D:4      | 3479 ||| Stepping ~*~*~tactically~*~*~ (stealth).
  3481 | D:4      | 3481 ||| Stepping ~*~*~tactically~*~*~ (stealth).
  3490 | D:4      | 3490 ||| Stepping ~*~*~tactically~*~*~ (stealth).
  3491 | D:4      | 3491 ||| Stepping ~*~*~tactically~*~*~ (hiding).
  3503 | D:4      | Reached skill level 3 in Armour
  3506 | D:4      | HP: 8/35 [something (1)]
  3507 | D:4      | Killed from afar by an orc wizard

Levels and vault maps discovered:
D:1:      dpeg_arrival_fog, layout_rooms, shapermc_ecumenical_altar_mp_vishouse,
          item_on_display_a
D:2:      layout_basic, minmay_pentomino_r2
D:3:      layout_basic
D:4:      layout_loops_ring, cheibrodos_sewer_entry_bend,
          chequers_serial_rivers_micro_e, glass_columns_b,
          minmay_joined_circles, uniq_duvessa, uniq_robin

Skill      XL: |  1  2  3  4  5  6 |
---------------+-------------------+-----
Axes           | 3 4 5 6 |  6.9
Armour         | 2 3 |  3.0
Fighting       | |  2.0
Throwing       | |  1.0
Dodging        | |  2.1
Spellcasting   | |  2.0
Translocations | |  2.4

Action                   |  1- 3 |  4- 6 || total
-------------------------+-------+-------++-------
Melee: Hand axe          |    84 |    70 ||   154
       Kick              |    16 |    31 ||    47
       Peck              |     9 |    11 ||    20
       Punch             |     1 |       ||     1
Throw: Boomerang         |    16 |    14 ||    30
  Use: Scroll            |     9 |     2 ||    11
       Potion            |     2 |     1 ||     3
Armor: Leather armour    |    18 |       ||    18
       Chain mail        |       |    23 ||    23
       Plate armour      |       |    10 ||    10
Dodge: Dodged            |    35 |    14 ||    49

Table legend:
 A = Non-vault XP
 B = Vault XP
 C = Vault XP percentage of total XP
 D = Non-vault monster count
 E = Vault monster count
 F = Vault count percentage of total count
                 A         B        C        D         E       F
            +---------+---------+-------+---------+---------+-------
      Total |     304 |     215 |  41.4 |      63 |      13 |  17.1
            +---------+---------+-------+---------+---------+-------
        D:1 |      18 |       0 |   0.0 |      13 |       0 |   0.0
        D:2 |      23 |       3 |  11.5 |      15 |       2 |  11.8
        D:3 |      39 |       0 |   0.0 |      18 |       0 |   0.0
        D:4 |     224 |     212 |  48.6 |      17 |      11 |  39.3
            +---------+---------+-------+---------+---------+-------
